Avalanche vs Rangers
(R1)
Created - 10 mai 2013 at 22:10
Goals
|
| Avalanche |
0 |
1 |
0 |
1 |
| Rangers |
0 |
1 |
1 |
2 |
|
Shots
|
| Avalanche |
5 |
6 |
7 |
18 |
| Rangers |
8 |
10 |
7 |
25 |
|
1st period
No Goal
Penalties :
Milan Lucic (NYR) for Fighting (Major) at 1:29, Ryan Smyth (Col) for Fighting (Major) at 1:29, Johan Franzen (NYR) for Goalie Interference (Minor) at 15:09, Andrew Ladd (Col) for Unsportsmanlike conduct (Major / Game Misconduct) at 19:28
2nd period
1. Rangers , Jeremy Roenick 34 (Milan Lucic) at 0:41 (PP)
2. Avalanche , Ryan Smyth 38 (Jason Pominville, Mike Comrie) at 15:10 (PP)
Penalties :
Mike Comrie (Col) for Kneeing (Major) at 6:35, Chad Denny (Col) for Tripping (Minor) at 12:49, Patrice Bergeron (NYR) for Cross-checking (Minor) at 15:04, Kimmo Timonen (NYR) for Hooking (Minor) at 15:21
3rd period
3. Rangers , Kimmo Timonen 7 (Patrick Sharp, Brad Richards) at 1:22
Penalties :
Patrick Sharp (NYR) for Slashing (Minor) at 2:51, Patrick Sharp (NYR) for Cross-checking (Minor) at 8:09, Brad Richards (NYR) for High sticking (Minor) at 8:20, Kyle McLaren (NYR) for Hooking (Minor) at 15:52
Goalie Stats
Antti Niemi (Col), 23 saves from 25 shots - (0,920), L, 22-31-6, 59:37 minutes
Hannu Toivonen (NYR), 17 saves from 18 shots - (0,944), W, 6-3-0, 60:00 minutes
Players Stats for Avalanche
Player Name G A P +/- PIM S H SB GA TA FO MP PP MP PK MP
------------------------------------------------------------------------------------
Andrew Ladd 0 0 0 0 15 0 0 0 0 0 0/0 3:17 0:00 0:00
Brian Campbell 0 0 0 0 0 1 3 1 0 0 0/0 27:14 6:52 5:57
Chad Denny 0 0 0 0 2 0 0 1 0 0 0/0 13:20 0:03 0:07
Dave Tanabe 0 0 0 -1 0 1 1 1 0 0 0/0 22:37 6:49 5:35
Dustin Byfuglien 0 0 0 0 0 0 0 0 0 0 0/1 8:42 0:05 0:18
Éric Perrin 0 0 0 0 0 1 2 0 0 0 1/8 14:00 0:05 3:09
Jason Pominville 0 1 1 -1 0 5 0 1 0 0 0/0 19:08 5:39 0:00
Jeff Taffe 0 0 0 0 0 1 2 1 0 0 0/0 12:39 0:05 4:09
Jere Lehtinen 0 0 0 0 0 1 0 0 0 0 0/0 10:12 0:00 2:57
Marc Staal 0 0 0 0 0 1 1 0 0 0 0/0 23:49 3:20 5:57
Mattias Norstrom 0 0 0 -1 0 1 2 0 1 1 0/0 19:15 3:20 5:35
Maxim Talbot 0 0 0 0 0 1 0 2 0 0 3/11 14:04 0:00 5:58
Mike Comrie 0 1 1 -1 5 0 3 0 0 0 9/18 19:37 5:39 1:34
Oleg Kvasha 0 0 0 0 0 0 4 0 0 0 3/11 14:01 4:28 0:46
Radek Martinek 0 0 0 0 0 0 1 0 0 1 0/0 13:31 0:00 0:25
Radim Vrbata 0 0 0 0 0 1 4 0 0 1 0/1 16:14 4:28 0:00
Rostislav Olesz 0 0 0 0 0 2 0 1 0 0 0/1 19:20 4:28 5:21
Ryan Smyth 1 0 1 -1 5 2 2 0 0 1 0/1 16:59 5:39 0:00
Players Stats for Rangers
Player Name G A P +/- PIM S H SB GA TA FO MP PP MP PK MP
------------------------------------------------------------------------------------
Alexandre Burrows 0 0 0 0 0 1 0 0 0 0 0/0 9:37 0:10 1:35
Bobby Holik 0 0 0 0 0 1 2 0 0 0 0/1 9:15 1:12 0:34
Brad Richards 0 1 1 1 2 2 2 0 1 0 6/8 18:33 4:51 4:21
Brent Seabrook 0 0 0 0 0 0 0 0 0 0 0/0 12:06 0:32 0:14
Bryan Berard 0 0 0 1 0 1 2 3 0 0 0/0 26:37 5:33 5:32
Cam Barker 0 0 0 0 0 0 2 1 0 0 0/0 22:11 5:52 4:40
Drew Stafford 0 0 0 0 0 1 3 0 0 0 0/0 9:00 1:12 0:00
Dustin Brown 0 0 0 1 0 0 1 0 0 0 0/0 13:58 4:51 0:00
Ian Laperriere 0 0 0 0 0 0 1 0 0 0 1/1 5:47 0:00 0:00
Jeremy Roenick 1 0 1 0 0 2 1 0 0 0 23/33 23:49 5:54 5:20
Johan Franzen 0 0 0 0 2 4 1 2 0 0 2/3 22:21 5:54 1:42
Kimmo Timonen 1 0 1 1 2 2 1 3 1 0 0/0 25:42 5:33 4:17
Kyle McLaren 0 0 0 0 2 1 1 1 0 0 0/0 20:40 5:52 3:29
Martin Sonnenberg 0 0 0 0 0 0 1 0 0 0 1/1 10:45 0:00 2:36
Matt Greene 0 0 0 0 0 1 2 0 0 0 0/0 13:24 0:32 2:12
Milan Lucic 0 1 1 0 5 5 3 1 1 0 1/2 21:03 5:51 2:26
Patrice Bergeron 0 0 0 0 2 1 0 1 0 1 2/3 9:06 1:04 0:00
Patrick Sharp 0 1 1 1 4 3 1 0 1 0 0/0 13:58 4:52 0:01
3 Stars
1 - Hannu Toivonen (NYR)
2 - Jeremy Roenick (NYR)
3 - Kimmo Timonen (NYR)
Power Play
Avalanche - 1 on 7 Attempt(s) - 14,29%
Rangers - 1 on 3 Attempt(s) - 33,33%
Penalty Kill
Avalanche - 2 on 3 Attempt(s) - 66,67%
- Score 0 goal in Penalty Kill
Rangers - 6 on 7 Attempt(s) - 85,71%
- Score 0 goal in Penalty Kill
Official
Referees : Jackson Dave and Sutherland Kelly
Linesman : Jean Morin and Don Henderson
Game Notes
Milan Lucic beats up Ryan Smyth at 1:29 of 1st period
Andrew Ladd ejected from game at 19:28 of 1st period
Finance
Level 1 -- Attendance: 4725 (78,75%) -- Ticket Income 425 250 $
Level 2 -- Attendance: 3628 (72,56%) -- Ticket Income 199 540 $
Level 3 -- Attendance: 1985 (99,25%) -- Ticket Income 59 550 $
Level 4 -- Attendance: 2930 (73,25%) -- Ticket Income 58 600 $
Luxury Box -- Attendance: 760 (76,00%) -- Ticket Income 133 000 $
Game was played at the Madison Square Garden
Total Attendance: 14028 (77,93%)
Total Ticket Income: 875 940 $
Other Income: 43 797 $
Total Income: 919 737 $
Avalanche
5 vs 5 Forward
Center Left Wing Right Wing Time % Phy DF OF
1 Mike Comrie Ryan Smyth Jason Pominville 40 1 2 2
2 Oleg Kvasha Rostislav Olesz Radim Vrbata 30 1 2 2
3 Maxim Talbot Andrew Ladd Dustin Byfuglien 15 4 1 0
4 Éric Perrin Jeff Taffe Jere Lehtinen 15 1 2 2
5 vs 5 Defense
Defense Defense Time % Phy DF OF
1 Brian Campbell Marc Staal 40 1 2 2
2 Dave Tanabe Mattias Norstrom 30 1 2 2
3 Chad Denny Radek Martinek 20 1 2 2
4 Brian Campbell Marc Staal 10 1 2 2
PowerPlay Forward
Center Left Wing Right Wing Time % Phy DF OF
1 Mike Comrie Ryan Smyth Jason Pominville 60 1 2 2
2 Oleg Kvasha Rostislav Olesz Radim Vrbata 40 1 2 2
PowerPlay Defense
Defense Defense Time % Phy DF OF
1 Brian Campbell Dave Tanabe 60 1 2 2
2 Marc Staal Mattias Norstrom 40 1 2 2
Penalty Kill 4 Players Forward
Center Wing Time % Phy DF OF
1 Maxim Talbot Andrew Ladd 60 1 2 2
2 Mike Comrie Jere Lehtinen 40 1 2 2
Penalty Kill 4 Players Defense
Defense Defense Time % Phy DF OF
1 Brian Campbell Marc Staal 60 1 2 2
2 Dave Tanabe Mattias Norstrom 40 1 2 2
Penalty Kill - 3 Players Forward
Forward Time % Phy DF OF
1 Jere Lehtinen 60 1 2 2
2 Mike Comrie 40 1 2 2
Penalty Kill - 3 Players Defense
Defense Defense Time % Phy DF OF
1 Brian Campbell Marc Staal 60 1 2 2
2 Dave Tanabe Mattias Norstrom 40 1 2 2
4 vs 4 Forward
Center Wing Time % Phy DF OF
1 Ryan Smyth Jason Pominville 60 1 2 2
2 Oleg Kvasha Jere Lehtinen 40 1 2 2
4 vs 4 Defense
Defense Defense Time % Phy DF OF
1 Brian Campbell Marc Staal 60 1 2 2
2 Dave Tanabe Mattias Norstrom 40 1 2 2
Last Minutes Offensive
Center Left Wing Right Wing Defense Defense
Oleg Kvasha Ryan Smyth Jason Pominville Brian Campbell Dave Tanabe
Last Minutes Defensive
Center Left Wing Right Wing Defense Defense
Mike Comrie Ryan Smyth Jere Lehtinen Dave Tanabe Marc Staal
Goaltenders
Starting : Antti Niemi
Backup : Patrick Lalime
Extra Forwards
Normal : Radim Vrbata, Éric Perrin, Rostislav Olesz - PP : Radim Vrbata, Éric Perrin - PK : Rostislav Olesz
Extra Defensemen
Normal : Mattias Norstrom, Radek Martinek, Dave Tanabe - PP : Mattias Norstrom - PK : Radek Martinek, Dave Tanabe
Penalty Shots
Ryan Smyth, Jason Pominville, Oleg Kvasha, Jere Lehtinen, Mike Comrie
Rangers
5 vs 5 Forward
Center Left Wing Right Wing Time % Phy DF OF
1 Jeremy Roenick Milan Lucic Johan Franzen 40 1 2 2
2 Brad Richards Patrick Sharp Dustin Brown 30 1 2 2
3 Patrice Bergeron Alexandre Burrows Drew Stafford 20 1 2 2
4 Bobby Holik Martin Sonnenberg Ian Laperriere 10 1 2 2
5 vs 5 Defense
Defense Defense Time % Phy DF OF
1 Kimmo Timonen Bryan Berard 40 1 2 2
2 Cam Barker Kyle McLaren 30 1 2 2
3 Brent Seabrook Matt Greene 20 1 2 2
4 Kimmo Timonen Bryan Berard 10 1 2 2
PowerPlay Forward
Center Left Wing Right Wing Time % Phy DF OF
1 Jeremy Roenick Milan Lucic Johan Franzen 60 1 2 2
2 Brad Richards Patrick Sharp Dustin Brown 40 1 2 2
PowerPlay Defense
Defense Defense Time % Phy DF OF
1 Kimmo Timonen Bryan Berard 60 1 2 2
2 Cam Barker Kyle McLaren 40 1 2 2
Penalty Kill 4 Players Forward
Center Wing Time % Phy DF OF
1 Jeremy Roenick Brad Richards 60 1 2 2
2 Johan Franzen Milan Lucic 40 1 2 2
Penalty Kill 4 Players Defense
Defense Defense Time % Phy DF OF
1 Kimmo Timonen Bryan Berard 60 1 2 2
2 Cam Barker Kyle McLaren 40 1 2 2
Penalty Kill - 3 Players Forward
Forward Time % Phy DF OF
1 Jeremy Roenick 60 1 2 2
2 Brad Richards 40 1 2 2
Penalty Kill - 3 Players Defense
Defense Defense Time % Phy DF OF
1 Kimmo Timonen Bryan Berard 60 1 2 2
2 Cam Barker Kyle McLaren 40 1 2 2
4 vs 4 Forward
Center Wing Time % Phy DF OF
1 Jeremy Roenick Brad Richards 60 1 2 2
2 Johan Franzen Milan Lucic 40 1 2 2
4 vs 4 Defense
Defense Defense Time % Phy DF OF
1 Kimmo Timonen Bryan Berard 60 1 2 2
2 Cam Barker Kyle McLaren 40 1 2 2
Last Minutes Offensive
Center Left Wing Right Wing Defense Defense
Jeremy Roenick Milan Lucic Johan Franzen Kimmo Timonen Bryan Berard
Last Minutes Defensive
Center Left Wing Right Wing Defense Defense
Jeremy Roenick Milan Lucic Johan Franzen Kimmo Timonen Bryan Berard
Goaltenders
Starting : Hannu Toivonen
Backup : Henrik Lundqvist
Extra Forwards
Normal : Bobby Holik, Patrice Bergeron, Martin Sonnenberg - PP : Bobby Holik, Patrice Bergeron - PK : Martin Sonnenberg
Extra Defensemen
Normal : Brent Seabrook, Matt Greene, Cam Barker - PP : Brent Seabrook - PK : Matt Greene, Cam Barker
Penalty Shots
Jeremy Roenick, Brad Richards, Johan Franzen, Milan Lucic, Patrick Sharp
% Time on Ice - Avalanche
Lines # - Real PCT - Wanted PCT - Time Play
Normal Forward
1 - 36% - 40% - 13:05
2 - 24% - 30% - 8:50
3 - 20% - 15% - 7:28
4 - 20% - 15% - 7:15
Normal Defense
1 - 37% - 40% - 13:33
2 - 25% - 30% - 9:05
3 - 36% - 20% - 13:02
4 - 3% - 10% - 0:58
PP Forward
1 - 56% - 60% - 5:44
2 - 44% - 40% - 4:28
PP Defense
1 - 67% - 60% - 6:52
2 - 33% - 40% - 3:20
PK Forward
1 - 75% - 60% - 9:00
2 - 25% - 40% - 2:57
PK Defense
1 - 53% - 60% - 6:22
2 - 47% - 40% - 5:35
PK3 Forward
1 - 0% - 60%
2 - 0% - 40%
PK3 Defense
1 - 0% - 60%
2 - 0% - 40%
44 Forward
1 - 0% - 60%
2 - 0% - 40%
44 Defense
1 - 0% - 60%
2 - 0% - 40%
Last Minute Offensive - 1:13
Last Minute Defensive - 0:00
Total
Forward - 60:00
Defense - 60:00
|
% Time on Ice - Rangers
Lines # - Real PCT - Wanted PCT - Time Play
Normal Forward
1 - 32% - 40% - 11:35
2 - 31% - 30% - 11:30
3 - 21% - 20% - 7:47
4 - 16% - 10% - 5:47
Normal Defense
1 - 44% - 40% - 16:05
2 - 30% - 30% - 10:56
3 - 24% - 20% - 8:58
4 - 2% - 10% - 0:40
PP Forward
1 - 59% - 60% - 7:05
2 - 41% - 40% - 4:52
PP Defense
1 - 51% - 60% - 6:05
2 - 49% - 40% - 5:52
PK Forward
1 - 71% - 60% - 5:58
2 - 29% - 40% - 2:26
PK Defense
1 - 54% - 60% - 4:31
2 - 46% - 40% - 3:53
PK3 Forward
1 - 69% - 60% - 1:14
2 - 31% - 40% - 0:34
PK3 Defense
1 - 58% - 60% - 1:03
2 - 42% - 40% - 0:45
44 Forward
1 - 0% - 60%
2 - 0% - 40%
44 Defense
1 - 0% - 60%
2 - 0% - 40%
Last Minute Offensive - 0:00
Last Minute Defensive - 1:12
Total
Forward - 60:00
Defense - 60:00
|
Play by Play
1st period
0:01 of 1st period - Jeremy Roenick wins face-off versus Mike Comrie in neutral zone.
0:10 of 1st period - Brian Campbell is hit by Milan Lucic.
0:15 of 1st period - Brian Campbell is hit by Bryan Berard and loses puck.
1:26 of 1st period - Off-side.
1:27 of 1st period - Jeremy Roenick wins face-off versus Mike Comrie in neutral zone.
1:29 of 1st period - Milan Lucic beats up Ryan Smyth.
1:29 of 1st period - Penalty to Milan Lucic for Fighting.
1:29 of 1st period - Penalty to Ryan Smyth for Fighting.
1:30 of 1st period - Johan Franzen wins face-off versus Radim Vrbata in Avalanche zone.
1:33 of 1st period - Slapshot by Johan Franzen.
1:33 of 1st period - Stopped by Antti Niemi with a rebound.
1:35 of 1st period - Slapshot by Kyle McLaren.
1:35 of 1st period - Shot Misses the Net.
1:37 of 1st period - Slapshot by Kyle McLaren.
1:37 of 1st period - Shot Hit the Post.
1:39 of 1st period - Wrist shot by Jeremy Roenick.
1:39 of 1st period - Stopped by Antti Niemi with a rebound.
1:41 of 1st period - Snap shot by Bobby Holik.
1:41 of 1st period - Stopped by Antti Niemi without a rebound.
1:42 of 1st period - Mike Comrie wins face-off versus Brad Richards in Avalanche zone.
2:55 of 1st period - Snap shot by Oleg Kvasha.
2:55 of 1st period - Shot Misses the Net.
3:11 of 1st period - Wrist shot by Jason Pominville.
3:11 of 1st period - Stopped by Hannu Toivonen without a rebound.
3:12 of 1st period - Jeremy Roenick wins face-off versus Mike Comrie in Rangers zone.
3:47 of 1st period - Radim Vrbata is hit by Bryan Berard and loses puck.
4:06 of 1st period - Snap shot by Patrick Sharp.
4:06 of 1st period - Shot Misses the Net.
4:42 of 1st period - Snap shot by Bobby Holik.
4:42 of 1st period - Shot Misses the Net.
4:56 of 1st period - Snap shot by Jason Pominville.
4:56 of 1st period - Shot Misses the Net.
5:18 of 1st period - Slapshot by Dave Tanabe.
5:18 of 1st period - Shot Misses the Net.
5:35 of 1st period - Off-side.
5:36 of 1st period - Jeremy Roenick wins face-off versus Éric Perrin in neutral zone.
5:39 of 1st period - Jeff Taffe is hit by Johan Franzen and loses puck.
6:19 of 1st period - Snap shot by Patrick Sharp.
6:19 of 1st period - Stopped by Antti Niemi with a rebound.
6:54 of 1st period - Matt Greene is hit by Mike Comrie and loses puck.
7:42 of 1st period - Brent Seabrook is hit by Jeff Taffe.
8:35 of 1st period - Jeremy Roenick is hit by Jeff Taffe and loses puck.
10:48 of 1st period - Bobby Holik is hit by Radek Martinek and loses puck.
11:01 of 1st period - Radim Vrbata is hit by Drew Stafford and loses puck.
11:50 of 1st period - Brent Seabrook is hit by Marc Staal and loses puck.
12:44 of 1st period - Wrist shot by Johan Franzen.
12:44 of 1st period - Stopped by Antti Niemi with a rebound.
12:46 of 1st period - Snap shot by Kimmo Timonen.
12:46 of 1st period - Shot Misses the Net.
13:14 of 1st period - Icing by Bryan Berard.
13:15 of 1st period - Ian Laperriere wins face-off versus Maxim Talbot in Rangers zone.
14:22 of 1st period - Wrist shot by Drew Stafford.
14:22 of 1st period - Shot Blocked by Jeff Taffe.
14:24 of 1st period - Slapshot by Brent Seabrook.
14:24 of 1st period - Deflect By Patrice Bergeron.
14:24 of 1st period - Stopped by Antti Niemi without a rebound.
14:25 of 1st period - Éric Perrin wins face-off versus Johan Franzen in Avalanche zone.
14:32 of 1st period - Snap shot by Éric Perrin.
14:32 of 1st period - Shot Blocked by Johan Franzen.
14:55 of 1st period - Wrist shot by Brad Richards.
14:55 of 1st period - Shot Misses the Net.
14:57 of 1st period - Slapshot by Brent Seabrook.
14:57 of 1st period - Shot Misses the Net.
14:59 of 1st period - Wrist shot by Brad Richards.
14:59 of 1st period - Stopped by Antti Niemi without a rebound.
15:00 of 1st period - Oleg Kvasha wins face-off versus Jeremy Roenick in Avalanche zone.
15:07 of 1st period - Snap shot by Radim Vrbata.
15:07 of 1st period - Shot Misses the Net.
15:09 of 1st period - Slapshot by Mattias Norstrom.
15:09 of 1st period - Stopped by Hannu Toivonen without a rebound.
15:09 of 1st period - Minor Penalty to Johan Franzen for Goalie Interference.
15:10 of 1st period - Jeremy Roenick wins face-off versus Mike Comrie in Rangers zone.
15:10 of 1st period - Jeremy Roenick is hit by Mike Comrie.
15:26 of 1st period - Kimmo Timonen is hit by Ryan Smyth and loses puck.
15:37 of 1st period - Kimmo Timonen is hit by Brian Campbell and loses puck.
15:50 of 1st period - Cam Barker is hit by Radim Vrbata and loses puck.
16:09 of 1st period - Brad Richards is hit by Ryan Smyth and loses puck.
16:20 of 1st period - Oleg Kvasha is hit by Martin Sonnenberg and loses puck.
16:33 of 1st period - Snap shot by Alexandre Burrows.
16:33 of 1st period - Stopped by Antti Niemi with a rebound.
16:35 of 1st period - Snap shot by Bobby Holik.
16:35 of 1st period - Deflect By Alexandre Burrows.
16:35 of 1st period - Shot Blocked by Dave Tanabe.
16:35 of 1st period - Puck is out of play.
16:36 of 1st period - Mike Comrie wins face-off versus Bobby Holik in Avalanche zone.
16:58 of 1st period - Off-side.
16:59 of 1st period - Martin Sonnenberg wins face-off versus Mike Comrie in neutral zone.
17:09 of 1st period - Penalty to Johan Franzen is over, Johan Franzen is back on ice.
17:20 of 1st period - Kimmo Timonen is hit by Mattias Norstrom and loses puck.
17:53 of 1st period - Snap shot by Jason Pominville.
17:53 of 1st period - Stopped by Hannu Toivonen with a rebound.
17:55 of 1st period - Slapshot by Radek Martinek.
17:55 of 1st period - Shot Misses the Net.
17:57 of 1st period - Snap shot by Jason Pominville.
17:57 of 1st period - Stopped by Hannu Toivonen with a rebound.
18:26 of 1st period - Snap shot by Johan Franzen.
18:26 of 1st period - Shot Misses the Net.
19:07 of 1st period - Wrist shot by Jason Pominville.
19:07 of 1st period - Stopped by Hannu Toivonen without a rebound.
19:08 of 1st period - Patrice Bergeron wins face-off versus Oleg Kvasha in Rangers zone.
19:28 of 1st period - Major / Game Misconduct Penalty to Andrew Ladd for Unsportsmanlike conduct.
19:28 of 1st period - Andrew Ladd is ejected from game.
19:29 of 1st period - Brad Richards wins face-off versus Maxim Talbot in Avalanche zone.
2nd period
0:01 of 2nd period - Maxim Talbot wins face-off versus Milan Lucic in neutral zone.
0:04 of 2nd period - Snap shot by Rostislav Olesz.
0:04 of 2nd period - Stopped by Hannu Toivonen without a rebound.
0:05 of 2nd period - Jeremy Roenick wins face-off versus Maxim Talbot in Rangers zone.
0:25 of 2nd period - Icing by Bryan Berard.
0:26 of 2nd period - Jeremy Roenick wins face-off versus Maxim Talbot in Rangers zone.
0:41 of 2nd period - Slapshot by Jeremy Roenick.
0:41 of 2nd period - Goal by Jeremy Roenick - Avalanche : 0 - Rangers : 1.
0:42 of 2nd period - Maxim Talbot wins face-off versus Jeremy Roenick in neutral zone.
0:53 of 2nd period - Bryan Berard is hit by Brian Campbell and loses puck.
2:16 of 2nd period - Icing by Bryan Berard.
2:17 of 2nd period - Brad Richards wins face-off versus Éric Perrin in Rangers zone.
2:46 of 2nd period - Wrist shot by Mike Comrie.
2:46 of 2nd period - Shot Blocked by Johan Franzen.
2:52 of 2nd period - Snap shot by Jere Lehtinen.
2:52 of 2nd period - Stopped by Hannu Toivonen with a rebound.
2:54 of 2nd period - Wrist shot by Jere Lehtinen.
2:54 of 2nd period - Shot Misses the Net.
3:06 of 2nd period - Dustin Brown is hit by Dave Tanabe.
3:36 of 2nd period - Éric Perrin is hit by Bobby Holik and loses puck.
3:51 of 2nd period - Kyle McLaren is hit by Éric Perrin and loses puck.
4:19 of 2nd period - Patrice Bergeron is hit by Mike Comrie and loses puck.
4:28 of 2nd period - Penalty to Andrew Ladd is over, Dustin Byfuglien is send on ice.
4:41 of 2nd period - Snap shot by Maxim Talbot.
4:41 of 2nd period - Shot Misses the Net.
4:43 of 2nd period - Slapshot by Radek Martinek.
4:43 of 2nd period - Shot Blocked by Patrice Bergeron.
4:45 of 2nd period - Wrist shot by Maxim Talbot.
4:45 of 2nd period - Stopped by Hannu Toivonen with a rebound.
4:47 of 2nd period - Snap shot by Jeff Taffe.
4:47 of 2nd period - Stopped by Hannu Toivonen without a rebound.
4:48 of 2nd period - Mike Comrie wins face-off versus Patrice Bergeron in Rangers zone.
5:03 of 2nd period - Ian Laperriere is hit by Radim Vrbata and loses puck.
5:22 of 2nd period - Marc Staal is hit by Cam Barker.
6:06 of 2nd period - Mattias Norstrom is hit by Kimmo Timonen and loses puck.
6:13 of 2nd period - Wrist shot by Patrice Bergeron.
6:13 of 2nd period - Deflect By Drew Stafford.
6:13 of 2nd period - Shot Blocked by Rostislav Olesz.
6:13 of 2nd period - Puck is out of play.
6:14 of 2nd period - Mike Comrie wins face-off versus Jeremy Roenick in Avalanche zone.
6:14 of 2nd period - Mike Comrie is hit by Cam Barker.
6:22 of 2nd period - Snap shot by Milan Lucic.
6:22 of 2nd period - Stopped by Antti Niemi without a rebound.
6:23 of 2nd period - Jeremy Roenick wins face-off versus Mike Comrie in Avalanche zone.
6:34 of 2nd period - Snap shot by Ryan Smyth.
6:34 of 2nd period - Stopped by Hannu Toivonen with a rebound.
6:35 of 2nd period - Major Penalty to Mike Comrie for Kneeing.
6:36 of 2nd period - Jeremy Roenick wins face-off versus Rostislav Olesz in Avalanche zone.
6:37 of 2nd period - Wrist shot by Milan Lucic.
6:37 of 2nd period - Stopped by Antti Niemi with a rebound.
7:13 of 2nd period - Snap shot by Patrick Sharp.
7:13 of 2nd period - Stopped by Antti Niemi without a rebound.
7:14 of 2nd period - Jeremy Roenick wins face-off versus Éric Perrin in Avalanche zone.
7:17 of 2nd period - Snap shot by Milan Lucic.
7:17 of 2nd period - Stopped by Antti Niemi without a rebound.
7:18 of 2nd period - Maxim Talbot wins face-off versus Jeremy Roenick in Avalanche zone.
7:31 of 2nd period - Wrist shot by Milan Lucic.
7:31 of 2nd period - Stopped by Antti Niemi with a rebound.
7:33 of 2nd period - Snap shot by Kyle McLaren.
7:33 of 2nd period - Stopped by Antti Niemi with a rebound.
7:40 of 2nd period - Icing by Johan Franzen.
7:41 of 2nd period - Jeremy Roenick wins face-off versus Maxim Talbot in Rangers zone.
8:10 of 2nd period - Snap shot by Johan Franzen.
8:10 of 2nd period - Stopped by Antti Niemi without a rebound.
8:11 of 2nd period - Brad Richards wins face-off versus Maxim Talbot in Avalanche zone.
8:14 of 2nd period - Snap shot by Patrick Sharp.
8:14 of 2nd period - Stopped by Antti Niemi without a rebound.
8:15 of 2nd period - Brad Richards wins face-off versus Maxim Talbot in Avalanche zone.
8:20 of 2nd period - Wrist shot by Brad Richards.
8:20 of 2nd period - Shot Misses the Net.
8:22 of 2nd period - Snap shot by Dustin Brown.
8:22 of 2nd period - Shot Blocked by Maxim Talbot.
8:24 of 2nd period - Snap shot by Bryan Berard.
8:24 of 2nd period - Stopped by Antti Niemi with a rebound.
8:58 of 2nd period - Rostislav Olesz is hit by Dustin Brown and loses puck.
11:20 of 2nd period - Marc Staal is hit by Bobby Holik and loses puck.
11:35 of 2nd period - Penalty to Mike Comrie is over, Mike Comrie is back on ice.
11:45 of 2nd period - Maxim Talbot is hit by Kyle McLaren and loses puck.
12:49 of 2nd period - Minor Penalty to Chad Denny for Tripping.
12:50 of 2nd period - Jeremy Roenick wins face-off versus Maxim Talbot in Avalanche zone.
12:51 of 2nd period - Slapshot by Milan Lucic.
12:51 of 2nd period - Shot Misses the Net.
14:49 of 2nd period - Penalty to Chad Denny is over, Chad Denny is back on ice.
15:04 of 2nd period - Minor Penalty to Patrice Bergeron for Cross-checking.
15:05 of 2nd period - Mike Comrie wins face-off versus Jeremy Roenick in Rangers zone.
15:08 of 2nd period - Wrist shot by Jason Pominville.
15:08 of 2nd period - Shot Misses the Net.
15:10 of 2nd period - Snap shot by Ryan Smyth.
15:10 of 2nd period - Goal by Ryan Smyth - Avalanche : 1 - Rangers : 1.
15:11 of 2nd period - Jeremy Roenick wins face-off versus Oleg Kvasha in neutral zone.
15:13 of 2nd period - Off-side.
15:14 of 2nd period - Jeremy Roenick wins face-off versus Oleg Kvasha in neutral zone.
15:17 of 2nd period - Radim Vrbata is hit by Milan Lucic and loses puck.
15:21 of 2nd period - Minor Penalty to Kimmo Timonen for Hooking.
15:22 of 2nd period - Mike Comrie wins face-off versus Jeremy Roenick in Rangers zone.
15:31 of 2nd period - Snap shot by Jason Pominville.
15:31 of 2nd period - Deflect By Ryan Smyth.
15:31 of 2nd period - Shot Misses the Net.
15:31 of 2nd period - Puck is out of play.
15:32 of 2nd period - Jeremy Roenick wins face-off versus Mike Comrie in Rangers zone.
15:53 of 2nd period - Snap shot by Ryan Smyth.
15:53 of 2nd period - Shot Blocked by Bryan Berard.
17:21 of 2nd period - Penalty to Kimmo Timonen is over, Kimmo Timonen is back on ice.
17:44 of 2nd period - Snap shot by Cam Barker.
17:44 of 2nd period - Shot Blocked by Maxim Talbot.
18:40 of 2nd period - Kimmo Timonen is hit by Radim Vrbata and loses puck.
19:13 of 2nd period - Radek Martinek is hit by Ian Laperriere and loses puck.
19:48 of 2nd period - Dustin Byfuglien is hit by Patrick Sharp and loses puck.
3rd period
0:01 of 3rd period - Jeremy Roenick wins face-off versus Oleg Kvasha in neutral zone.
0:04 of 3rd period - Slapshot by Cam Barker.
0:04 of 3rd period - Deflect By Johan Franzen.
0:04 of 3rd period - Stopped by Antti Niemi without a rebound.
0:05 of 3rd period - Jeremy Roenick wins face-off versus Oleg Kvasha in Avalanche zone.
0:16 of 3rd period - Slapshot by Marc Staal.
0:16 of 3rd period - Stopped by Hannu Toivonen without a rebound.
0:17 of 3rd period - Jeremy Roenick wins face-off versus Oleg Kvasha in Rangers zone.
0:36 of 3rd period - Radim Vrbata is hit by Jeremy Roenick and loses puck.
0:47 of 3rd period - Kyle McLaren is hit by Oleg Kvasha and loses puck.
0:54 of 3rd period - Wrist shot by Radim Vrbata.
0:54 of 3rd period - Shot Misses the Net.
0:56 of 3rd period - Slapshot by Marc Staal.
0:56 of 3rd period - Shot Blocked by Cam Barker.
1:10 of 3rd period - Wrist shot by Rostislav Olesz.
1:10 of 3rd period - Stopped by Hannu Toivonen without a rebound.
1:11 of 3rd period - Brad Richards wins face-off versus Mike Comrie in Rangers zone.
1:22 of 3rd period - Slapshot by Kimmo Timonen.
1:22 of 3rd period - Deflect By Ryan Smyth.
1:22 of 3rd period - Goal by Kimmo Timonen - Avalanche : 1 - Rangers : 2.
1:23 of 3rd period - Mike Comrie wins face-off versus Brad Richards in neutral zone.
1:30 of 3rd period - Wrist shot by Jason Pominville.
1:30 of 3rd period - Shot Blocked by Bryan Berard.
1:32 of 3rd period - Slapshot by Dave Tanabe.
1:32 of 3rd period - Shot Blocked by Bryan Berard.
1:34 of 3rd period - Slapshot by Mattias Norstrom.
1:34 of 3rd period - Shot Blocked by Kimmo Timonen.
1:36 of 3rd period - Wrist shot by Dave Tanabe.
1:36 of 3rd period - Stopped by Hannu Toivonen without a rebound.
1:37 of 3rd period - Oleg Kvasha wins face-off versus Jeremy Roenick in Rangers zone.
1:38 of 3rd period - Backhand shot by Radim Vrbata.
1:38 of 3rd period - Stopped by Hannu Toivonen with a rebound.
1:40 of 3rd period - Slapshot by Rostislav Olesz.
1:40 of 3rd period - Shot Blocked by Kimmo Timonen.
1:42 of 3rd period - Wrist shot by Brian Campbell.
1:42 of 3rd period - Stopped by Hannu Toivonen without a rebound.
1:43 of 3rd period - Jeremy Roenick wins face-off versus Oleg Kvasha in Rangers zone.
1:58 of 3rd period - Bryan Berard is hit by Oleg Kvasha and loses puck.
2:15 of 3rd period - Snap shot by Patrick Sharp.
2:15 of 3rd period - Shot Blocked by Brian Campbell.
2:17 of 3rd period - Wrist shot by Kimmo Timonen.
2:17 of 3rd period - Stopped by Antti Niemi without a rebound.
2:18 of 3rd period - Oleg Kvasha wins face-off versus Jeremy Roenick in Avalanche zone.
2:23 of 3rd period - Milan Lucic is hit by Radim Vrbata.
2:51 of 3rd period - Minor Penalty to Patrick Sharp for Slashing.
2:52 of 3rd period - Jeremy Roenick wins face-off versus Ryan Smyth in Rangers zone.
4:51 of 3rd period - Penalty to Patrick Sharp is over, Patrick Sharp is back on ice.
6:07 of 3rd period - Slapshot by Éric Perrin.
6:07 of 3rd period - Stopped by Hannu Toivonen without a rebound.
6:08 of 3rd period - Jeremy Roenick wins face-off versus Éric Perrin in Rangers zone.
6:40 of 3rd period - Wrist shot by Radim Vrbata.
6:40 of 3rd period - Shot Misses the Net.
7:04 of 3rd period - Wrist shot by Drew Stafford.
7:04 of 3rd period - Stopped by Antti Niemi with a rebound.
7:52 of 3rd period - Slapshot by Matt Greene.
7:52 of 3rd period - Stopped by Antti Niemi with a rebound.
8:08 of 3rd period - Jeff Taffe is hit by Matt Greene.
8:09 of 3rd period - Minor Penalty to Patrick Sharp for Cross-checking.
8:10 of 3rd period - Mike Comrie wins face-off versus Jeremy Roenick in Rangers zone.
8:20 of 3rd period - Minor Penalty to Brad Richards for High sticking.
8:21 of 3rd period - Jeremy Roenick wins face-off versus Mike Comrie in Rangers zone.
8:30 of 3rd period - Kimmo Timonen is hit by Brian Campbell and loses puck.
9:26 of 3rd period - Kimmo Timonen is hit by Mattias Norstrom and loses puck.
10:09 of 3rd period - Penalty to Patrick Sharp is over, Patrick Sharp is back on ice.
10:19 of 3rd period - Kyle McLaren is hit by Oleg Kvasha and loses puck.
10:20 of 3rd period - Penalty to Brad Richards is over, Brad Richards is back on ice.
10:36 of 3rd period - Dustin Brown is hit by Éric Perrin and loses puck.
10:49 of 3rd period - Backhand shot by Patrice Bergeron.
10:49 of 3rd period - Shot Misses the Net.
10:51 of 3rd period - Slapshot by Kyle McLaren.
10:51 of 3rd period - Deflect By Alexandre Burrows.
10:51 of 3rd period - Shot Blocked by Chad Denny.
10:51 of 3rd period - Puck is out of play.
10:52 of 3rd period - Patrice Bergeron wins face-off versus Éric Perrin in Avalanche zone.
11:17 of 3rd period - Marc Staal is hit by Milan Lucic.
11:34 of 3rd period - Icing by Milan Lucic.
11:35 of 3rd period - Brad Richards wins face-off versus Dustin Byfuglien in Rangers zone.
11:46 of 3rd period - Snap shot by Brad Richards.
11:46 of 3rd period - Stopped by Antti Niemi with a rebound.
12:44 of 3rd period - Chad Denny is hit by Brad Richards and loses puck.
12:59 of 3rd period - Dave Tanabe is hit by Brad Richards and loses puck.
13:10 of 3rd period - Brent Seabrook is hit by Oleg Kvasha.
13:32 of 3rd period - Snap shot by Jason Pominville.
13:32 of 3rd period - Stopped by Hannu Toivonen with a rebound.
13:38 of 3rd period - Jason Pominville is hit by Matt Greene and loses puck.
14:05 of 3rd period - Dave Tanabe is hit by Drew Stafford and loses puck.
15:18 of 3rd period - Slapshot by Drew Stafford.
15:18 of 3rd period - Shot Misses the Net.
15:24 of 3rd period - Marc Staal is hit by Drew Stafford and loses puck.
15:52 of 3rd period - Minor Penalty to Kyle McLaren for Hooking.
15:53 of 3rd period - Mike Comrie wins face-off versus Jeremy Roenick in Rangers zone.
16:24 of 3rd period - Icing by Radim Vrbata.
16:25 of 3rd period - Johan Franzen wins face-off versus Oleg Kvasha in Avalanche zone.
16:26 of 3rd period - Wrist shot by Milan Lucic.
16:26 of 3rd period - Stopped by Antti Niemi with a rebound.
17:52 of 3rd period - Penalty to Kyle McLaren is over, Kyle McLaren is back on ice.
17:56 of 3rd period - Slapshot by Maxim Talbot.
17:56 of 3rd period - Shot Misses the Net.
17:58 of 3rd period - Wrist shot by Radek Martinek.
17:58 of 3rd period - Shot Blocked by Milan Lucic.
18:00 of 3rd period - Snap shot by Maxim Talbot.
18:00 of 3rd period - Shot Blocked by Kyle McLaren.
18:09 of 3rd period - Wrist shot by Éric Perrin.
18:09 of 3rd period - Shot Blocked by Kimmo Timonen.
18:21 of 3rd period - Slapshot by Patrice Bergeron.
18:21 of 3rd period - Shot Misses the Net.
19:17 of 3rd period - Slapshot by Jeremy Roenick.
19:17 of 3rd period - Shot Blocked by Jason Pominville.
19:19 of 3rd period - Snap shot by Johan Franzen.
19:19 of 3rd period - Deflect By Milan Lucic.
19:19 of 3rd period - Shot Misses the Net.
19:19 of 3rd period - Puck is out of play.
19:20 of 3rd period - Patrick Roy call a timeout for Avalanche.
19:20 of 3rd period - Jeremy Roenick wins face-off versus Éric Perrin in Avalanche zone.
19:37 of 3rd period - Avalanche, Antti Niemi is pulled from the net.
19:54 of 3rd period - Off-side.
19:55 of 3rd period - Milan Lucic wins face-off versus Éric Perrin in neutral zone.
Output by the SimonT Hockey Simulator (STHS) for François Prévost -- Original Page W3C XHTML 1.0 Valid